[Event "DSAM Finale 2019"]
[Site "Magdeburg"]
[Date "2019.05.30"]
[Round "1.1"]
[White "Gikas, Andreas Basilius"]
[Black "Arnold, Max"]
[Result "0-1"]
[ECO "C48"]
[WhiteElo "2175"]
[BlackElo "2292"]
[Annotator "ChessBase"]
[PlyCount "116"]
[EventDate "2019.05.30"]
[EventType "swiss"]
[EventCountry "GER"]
[SourceTitle "playchess.com"]
[Source "ChessBase"]
[SourceQuality "1"]
[TimeControl "40/5400+30:900+30"]

1. e4 e5 2. Nf3 Nc6 3. Nc3 Nf6 4. Bb5 Bd6 5. d3 O-O 6. a3 Re8 7. h3 Bf8 8. Bg5 a6 9. Bc4 h6 10. Bh4 Be7 11. Qc1 d6 12. g4 Nh7 13. Bxe7 Nxe7 14. Qe3 b5 15. Bb3 Ng6 16. Ne2 Be6 17. Bxe6 fxe6 18. h4 Rf8 19. O-O-O c5 20. Rdg1 Ra7 21. h5 Nf4 22. Rg3 Nxe2+ 23. Qxe2 Ng5 24. Nh4 Rf6 25. f3 Raf7 26. Kb1 Qa5 27. Rf1 Qb6 28. Qe3 b4 29. axb4 Qxb4 30. c3 Qb3 31. Ng6 a5 32. f4 exf4 33. Rxf4 Rxf4 34. Nxf4 e5 35. Ne2 Rf1+ 36. Nc1 a4 37. Rg1 a3 38. Rg2 a2+ 39. Ka1 Qd1 40. Kxa2 Qxc1 41. Qxc1 Rxc1 42. b4 cxb4 43. cxb4 Ne6 44. Kb2 Rd1 45. Kc3 Nd4 46. Kc4 Kf7 47. Kd5 Ke7 48. Ra2 Rxd3 49. Ra7+ Kf6 50. Kc4 Rd1 51. Rd7 Ne6 52. Kb5 Rd4 53. Ka5 Rxe4 54. b5 Ra4+ 55. Kb6 e4 56. Rxd6 e3 57. Rd3 e2 58. Re3 Nf4 0-1

[Event "DSAM Finale 2019"]
[Site "Magdeburg"]
[Date "2019.05.30"]
[Round "1.3"]
[White "Wiechmann, Michael"]
[Black "Vogel, Constantin"]
[Result "0-1"]
[ECO "B02"]
[WhiteElo "2012"]
[BlackElo "2073"]
[Annotator "NA"]
[PlyCount "66"]
[EventDate "2019.05.30"]
[EventType "swiss"]
[EventCountry "GER"]
[SourceTitle "playchess.com"]
[Source "ChessBase"]
[SourceQuality "1"]
[TimeControl "40/5400+30:900+30"]

1. e4 Nf6 2. e5 Nd5 3. Nc3 Nxc3 4. bxc3 d5 5. d4 c5 6. Nf3 Nc6 7. h3 {[%emt 0:02:04] B02: Alekhine's Defence: Chase Variation and lines with early Nc3} (7. Be2 c4 8. O-O e6 9. Be3 Be7 10. g3 O-O 11. Re1 b5 12. a3 a5 13. h4 f6 14. exf6 gxf6 15. Nh2 {1-0 (32) Hansen,E (2584)-Ipatov,A (2613) Rabat 2014}) 7... Bf5 8. Bd3 Bxd3 9. Qxd3 e6 10. O-O Be7 11. Rb1 $146 ({Predecessor:} 11. Be3 c4 12. Qd2 O-O 13. Nh2 b5 14. f4 Qd7 {½-½ (51) Huegle,A-Becker,A (2091) Baden 2013}) 11... Rb8 12. Ne1 (12. dxc5 $1 $11 {keeps the balance.} Na5 13. Qb5+ Kf8 14. c6) 12... cxd4 (12... O-O $17) 13. cxd4 O-O 14. Be3 Qa5 15. Qb3 Qa6 16. Nd3 Na5 17. Qa4 $2 (17. Qb5 $17 {might work better.}) 17... b5 18. Nb4 Qb6 ({Weaker is} 18... bxa4 19. Nxa6 Rb6 20. Rxb6 $15) 19. Qa3 Nc6 20. Nxd5 exd5 ({But not} 20... Bxa3 21. Nxb6 axb6 22. Rxb5 $19) 21. Qc1 Nxd4 22. Qd2 Bc5 23. Rfd1 Ne6 24. Bxc5 Qxc5 25. Qxd5 Qxc2 26. Rdc1 Qa4 27. Rc6 Rfc8 28. Rbc1 Rxc6 29. Rxc6 Qd4 30. Qd6 (30. Qxd4 $142 Nxd4 31. Ra6) 30... Rd8 31. Qe7 (31. Qxd4 $142 Rxd4 32. Ra6) 31... Qa1+ 32. Kh2 Qxe5+ 33. g3 Qd4 0-1

[Event "DSAM Finale 2019"]
[Site "Magdeburg"]
[Date "2019.05.30"]
[Round "1.4"]
[White "Apitzsch, Leon Fabian"]
[Black "Kermer, Ulrich"]
[Result "1-0"]
[ECO "B11"]
[WhiteElo "1972"]
[BlackElo "1933"]
[Annotator "NA"]
[PlyCount "56"]
[EventDate "2019.05.30"]
[EventType "swiss"]
[EventCountry "GER"]
[SourceTitle "playchess.com"]
[Source "ChessBase"]
[SourceQuality "1"]
[TimeControl "40/5400+30:900+30"]

1. e4 c6 2. Nc3 d5 3. Nf3 Bg4 4. h3 Bxf3 5. Qxf3 e6 6. d4 dxe4 7. Qxe4 Nf6 8. Qd3 Be7 9. Be2 O-O 10. O-O Nbd7 11. Bf4 Nd5 12. Nxd5 exd5 13. Rfe1 Nf6 14. Bf3 h6 15. Re2 Bd6 $11 16. Be5 Re8 17. Rae1 Re6 18. g3 Qe7 19. Bxd6 Qxd6 20. Rxe6 fxe6 21. Qg6 Re8 22. Re5 Qb4 23. c3 Qxb2 24. g4 Re7 25. g5 hxg5 26. Rxg5 Rf7 27. Re5 Ne4 28. Qg2 Qc1+ 1-0

[Event "DSAM Finale 2019"]
[Site "Magdeburg"]
[Date "2019.05.30"]
[Round "1.5"]
[White "Matthes, Benjamin"]
[Black "Hielscher, Ursula"]
[Result "0-1"]
[ECO "C15"]
[WhiteElo "1737"]
[BlackElo "1780"]
[Annotator "NA"]
[PlyCount "152"]
[EventDate "2019.05.30"]
[EventType "swiss"]
[EventCountry "GER"]
[SourceTitle "playchess.com"]
[Source "ChessBase"]
[SourceQuality "1"]
[TimeControl "40/5400+30:900+30"]

1. e4 e6 2. d4 d5 3. Nc3 Bb4 4. a3 Bxc3+ 5. bxc3 dxe4 6. Qg4 Nf6 7. Qxg7 Rg8 8. Qh6 Rg6 9. Qh4 Qd5 10. Ne2 Nbd7 11. Nf4 Qa5 12. Bd2 Rg4 13. Qh3 Qf5 14. Qe3 e5 15. dxe5 Qxe5 16. Be2 Rg7 17. O-O b6 18. c4 Bb7 19. Bc3 Qg5 20. g3 O-O-O 21. Rad1 Rgg8 22. Rd2 h5 23. Nd5 Nxd5 24. cxd5 Bxd5 25. Qxg5 Rxg5 26. Ba6+ Kb8 27. Rfd1 c6 28. Bb4 Ne5 29. Be2 Re8 30. h4 Rf5 31. Bd6+ Kb7 32. Bxe5 Rfxe5 33. c4 e3 34. fxe3 Rxe3 35. cxd5 Rxe2 36. dxc6+ Kxc6 37. Rd6+ Kc5 38. R6d5+ Kc4 39. Rxh5 R2e3 40. Kf2 Rxa3 41. Rc1+ Kd4 42. Rd1+ Rd3 43. Ra1 a5 44. Rb5 Re6 45. Ra4+ Kc3 46. h5 Rf6+ 47. Ke2 Rxg3 48. Ra3+ Kc4 49. Rbxa5 Rg2+ 50. Ke3 bxa5 51. Rxa5 Rg3+ 52. Ke4 Rg4+ 53. Ke3 Kb4 54. Ra7 Rh4 55. Rb7+ Kc5 56. Ra7 Kb6 57. Ra1 Rxh5 58. Ke4 Re6+ 59. Kf4 Kc6 60. Ra6+ Kd7 61. Ra7+ Ke8 62. Ra8+ Ke7 63. Rb8 Kf6 64. Kg4 Rg5+ 65. Kf4 Rf5+ 66. Kg4 Re4+ 67. Kg3 Ra5 68. Kf3 Kf5 69. Rb3 Ke5 70. Rd3 f5 71. Rd8 Ra3+ 72. Kf2 Kf4 73. Rd2 Rh3 74. Kg2 Kg4 75. Rf2 f4 76. Kg1 Re1+ 0-1

[Event "DSAM Finale 2019"]
[Site "Magdeburg"]
[Date "2019.05.30"]
[Round "1.6"]
[White "Rose, Daniel"]
[Black "Gebhard, Andreas"]
[Result "0-1"]
[ECO "A52"]
[WhiteElo "1693"]
[BlackElo "1595"]
[Annotator "NA"]
[PlyCount "36"]
[EventDate "2019.05.30"]
[EventType "swiss"]
[EventCountry "GER"]
[SourceTitle "playchess.com"]
[Source "ChessBase"]
[SourceQuality "1"]
[TimeControl "40/5400+30:900+30"]

1. d4 Nf6 2. c4 e5 3. dxe5 Ng4 4. Nf3 Nc6 5. e3 Ngxe5 6. Be2 Bb4+ 7. Bd2 Bxd2+ 8. Nbxd2 d6 9. O-O Be6 10. Rb1 Qf6 11. Nd4 O-O 12. f4 Nxd4 13. fxe5 Nxe2+ 14. Qxe2 Qxe5 15. Rf4 Rae8 16. Re4 Qc5 17. Rh4 Bf5 18. Qh5 Qxe3+ 0-1

[Event "DSAM Finale 2019"]
[Site "Magdeburg"]
[Date "2019.05.30"]
[Round "1.7"]
[White "Abou Wally, Adrian"]
[Black "Biele, Johanna"]
[Result "1-0"]
[ECO "B01"]
[WhiteElo "1342"]
[BlackElo "1424"]
[Annotator "NA"]
[PlyCount "161"]
[EventDate "2019.05.30"]
[EventType "swiss"]
[EventCountry "GER"]
[SourceTitle "playchess.com"]
[Source "ChessBase"]
[SourceQuality "1"]
[TimeControl "40/5400+30:900+30"]

1. e4 d5 2. exd5 Qxd5 3. Nc3 Qa5 4. d4 Nf6 5. Nf3 Bg4 6. h3 Bf5 7. Bf4 e6 8. a3 c6 9. Ne5 Be7 10. Nc4 Qd8 11. Bd3 Qxd4 12. Be5 Qd8 13. Bxf5 Qxd1+ 14. Rxd1 exf5 15. Bd6 Nbd7 16. Bxe7 Kxe7 17. Nd6 g6 18. O-O b6 19. Rfe1+ Kf8 20. Re2 Kg7 21. Re7 Rhf8 22. Ne2 Nc5 23. Nd4 Nd5 24. Re2 Rad8 25. Nc4 Nf4 26. Ree1 Ne4 27. f3 Ng3 28. Kf2 Ngh5 29. Nxc6 Rxd1 30. Rxd1 Re8 31. Ne3 a6 32. Rd8 Re6 33. Nd4 Re5 34. Rd6 Nf6 35. Rxb6 Rxe3 36. Rxf6 Kxf6 37. Kxe3 Nxg2+ 38. Kf2 Nf4 39. Kg3 g5 40. c4 h5 41. b4 Ne6 42. Nb3 Ke5 43. a4 h4+ 44. Kg2 Nf4+ 45. Kh2 Nd3 46. b5 Nb4 47. Nc5 axb5 48. cxb5 Kd5 49. Nb7 f4 50. a5 Kc4 51. a6 Nd5 52. a7 Nb6 53. Nd6+ Kc5 54. Nxf7 Kxb5 55. Nxg5 Ka6 56. Ne6 Kxa7 57. Nxf4 Kb7 58. Ng6 Kc7 59. Nxh4 Kd7 60. Kg3 Ke6 61. Ng2 Kf5 62. Ne3+ Kg6 63. Kg4 Nd7 64. Nd5 Ne5+ 65. Kg3 Nf7 66. f4 Kf5 67. Ne3+ Kf6 68. Kg4 Kg6 69. f5+ Kg7 70. Nd5 Nh6+ 71. Kf4 Kf7 72. Kg5 Ng8 73. f6 Nxf6 74. Nxf6 Kg7 75. h4 Kh8 76. Nd7 Kg7 77. h5 Kh7 78. h6 Kg8 79. Kg6 Kh8 80. Ne5 Kg8 81. h7+ 1-0

[Event "DSAM Finale 2019"]
[Site "Magdeburg"]
[Date "2019.05.30"]
[Round "2.1"]
[White "Arnold, Max"]
[Black "Hansch, Stephan"]
[Result "1/2-1/2"]
[ECO "B22"]
[WhiteElo "2292"]
[BlackElo "2168"]
[Annotator "ChessBase"]
[PlyCount "39"]
[EventDate "2019.05.30"]
[EventType "swiss"]
[EventCountry "GER"]
[SourceTitle "playchess.com"]
[Source "ChessBase"]
[SourceQuality "1"]
[TimeControl "40/5400+30:900+30"]

1. e4 c5 2. c3 d5 3. exd5 Nf6 4. Bb5+ Nbd7 5. d4 Nxd5 6. Nf3 e6 7. O-O cxd4 8. Qxd4 Qb6 9. Qxb6 N5xb6 10. Re1 Be7 11. Nbd2 O-O 12. Nb3 a6 13. Bf1 Nd5 14. Nfd4 Nc5 15. Nxc5 Bxc5 16. Nb3 Bb6 17. a4 Bd7 18. a5 Ba7 19. g3 Bc6 20. Bg2 1/2-1/2

[Event "DSAM Finale 2019"]
[Site "Magdeburg"]
[Date "2019.05.30"]
[Round "2.2"]
[White "Artola Pola, Gerardo"]
[Black "Rietze, Clemens"]
[Result "1/2-1/2"]
[ECO "C65"]
[WhiteElo "1999"]
[BlackElo "2285"]
[Annotator "ChessBase"]
[PlyCount "44"]
[EventDate "2019.05.30"]
[EventType "swiss"]
[EventCountry "GER"]
[SourceTitle "playchess.com"]
[Source "ChessBase"]
[SourceQuality "1"]
[TimeControl "40/5400+30:900+30"]

1. e4 e5 2. Nf3 Nc6 3. Bb5 Nf6 4. d3 Bc5 5. c3 O-O 6. O-O d6 7. Nbd2 a6 8. Ba4 Ba7 9. Re1 Ne7 10. Nf1 Ng6 11. Ng3 c6 12. h3 Re8 13. d4 h6 14. Bc2 Qc7 15. Be3 Be6 16. Qd2 Kh7 17. Rad1 Rad8 18. Qc1 Qb8 19. Nf5 Ng8 20. Nh2 f6 21. Ng3 Kh8 22. Nh5 Bf7 1/2-1/2

[Event "DSAM Finale 2019"]
[Site "Magdeburg"]
[Date "2019.05.30"]
[Round "2.3"]
[White "Vogel, Constantin"]
[Black "Braeuer, Karl-Heinz"]
[Result "0-1"]
[ECO "E01"]
[WhiteElo "2073"]
[BlackElo "1991"]
[Annotator "NA"]
[PlyCount "158"]
[EventDate "2019.05.30"]
[EventType "swiss"]
[EventCountry "GER"]
[SourceTitle "playchess.com"]
[Source "ChessBase"]
[SourceQuality "1"]
[TimeControl "40/5400+30:900+30"]

1. c4 Nf6 2. g3 e6 3. Bg2 d5 4. Nf3 c6 5. b3 Nbd7 6. Bb2 Bd6 7. d4 Bb4+ {[%emt 0:00:32] E01: Catalan: Early deviations} (7... b5 8. Nbd2 bxc4 9. bxc4 Ba6 10. Qa4 Qc8 11. c5 Be7 12. Qd1 Rb8 13. Bc3 Ne4 14. Nxe4 dxe4 15. Ne5 Nxe5 16. dxe5 Bxc5 17. Bxe4 {½-½ (52) Rakhmanov,A (2629)-Tsydypov,Z (2546) Sochi 2019}) 8. Nbd2 Ne4 9. a3 Bxd2+ $146 ({Predecessor:} 9... Nxd2 10. Nxd2 Be7 11. e4 dxe4 12. Nxe4 Nf6 13. O-O O-O 14. Qc2 Qc7 15. Rad1 {1-0 (36) Zgadzaj,R (2115)-Kastelik,A (2135) Jastrzebia Gora 2015}) 10. Nxd2 Nxd2 11. Qxd2 O-O 12. O-O Nf6 13. Qd3 a5 14. Rad1 b6 15. Qc2 Ba6 16. Rfe1 a4 17. cxd5 cxd5 18. bxa4 Bc4 19. e4 Qd7 20. e5 Ne8 21. Bc3 Nc7 22. Rb1 Rxa4 23. Rxb6 Rxa3 24. Bb4 Ra2 25. Qb1 Rfa8 26. Bf1 h6 27. Bd6 R2a7 28. Rb8+ Ne8 29. Bxc4 dxc4 30. Bc5 $11 Rxb8 31. Qxb8 Rb7 32. Qa8 Kh7 33. Rc1 Qc6 34. Qa2 Qb5 35. Qe2 Nc7 36. Qe4+ Kg8 37. Rxc4 Qb1+ 38. Qxb1 Rxb1+ 39. Kg2 Nd5 40. Ra4 Rb2 41. Ra8+ Kh7 42. h4 h5 43. Rf8 Kg6 44. Rg8 Kh7 45. Ra8 Rc2 46. Rb8 Ne3+ 47. Kf3 Ng4 48. Rb3 Rxf2+ 49. Ke4 Re2+ 50. Kf3 Rc2 51. Kf4 Kg6 52. Ra3 f6 53. exf6 gxf6 54. Ra6 e5+ 55. Ke4 Re2+ 56. Kf3 Re3+ 57. Kg2 Rc3 58. Ra2 e4 59. Bb6 Rd3 60. Bc5 Kf5 61. Ra8 Rd2+ 62. Kf1 Nh2+ 63. Ke1 Nf3+ 64. Kf1 Nxd4 65. Bxd4 Rxd4 66. Rg8 Rd2 67. Ke1 Ra2 68. Kf1 Ke5 69. Rh8 e3 70. Rxh5+ Ke4 71. g4 Rf2+ 72. Ke1 Rg2 73. Rf5 Rxg4 74. Rxf6 Rxh4 75. Rf8 Kd3 76. Rd8+ Rd4 77. Rxd4+ Kxd4 78. Ke2 Ke4 79. Ke1 Ke5 0-1

[Event "DSAM Finale 2019"]
[Site "Magdeburg"]
[Date "2019.05.30"]
[Round "2.4"]
[White "Goeldenboog, Juergen"]
[Black "Huels, Maximilian"]
[Result "1/2-1/2"]
[ECO "D08"]
[WhiteElo "1926"]
[BlackElo "1925"]
[Annotator "NA"]
[PlyCount "79"]
[EventDate "2019.05.30"]
[EventType "swiss"]
[EventCountry "GER"]
[SourceTitle "playchess.com"]
[Source "ChessBase"]
[SourceQuality "1"]
[TimeControl "40/5400+30:900+30"]

1. d4 d5 2. c4 Nc6 3. e3 e5 4. dxe5 d4 5. a3 Be6 6. Nf3 dxe3 7. Qxd8+ Rxd8 8. Bxe3 Nge7 9. Nc3 h6 10. Nb5 Rd7 11. Nbd4 Bg4 12. Be2 Bxf3 13. Nxf3 Ng6 14. e6 fxe6 15. O-O Bd6 16. g3 O-O 17. Rad1 Rfd8 18. c5 Be5 19. Rxd7 Rxd7 20. Bc4 Kf7 21. Nxe5+ Ncxe5 22. Be2 Ne7 23. f4 N5c6 24. Bc4 Nf5 25. Re1 Nxe3 26. Rxe3 Rd1+ 27. Kf2 Rd2+ 28. Re2 Rxe2+ 29. Kxe2 Kf6 30. Ke3 e5 31. Bd5 exf4+ 32. Kxf4 Ne5 33. b4 c6 34. Bg2 Nc4 35. b5 Ne5 36. bxc6 bxc6 37. h3 Nd3+ 38. Ke3 Nxc5 39. Bxc6 Ke5 40. a4 1/2-1/2

[Event "DSAM Finale 2019"]
[Site "Magdeburg"]
[Date "2019.05.30"]
[Round "2.5"]
[White "Schwank, Johann"]
[Black "Kuschel, Heidi"]
[Result "1/2-1/2"]
[ECO "C52"]
[WhiteElo "1777"]
[BlackElo "1737"]
[Annotator "NA"]
[PlyCount "89"]
[EventDate "2019.05.30"]
[EventType "swiss"]
[EventCountry "GER"]
[SourceTitle "playchess.com"]
[Source "ChessBase"]
[SourceQuality "1"]
[TimeControl "40/5400+30:900+30"]

1. e4 e5 2. Nf3 Nc6 3. Bc4 Bc5 4. b4 Bxb4 5. c3 Ba5 6. d4 Qe7 7. Ba3 Qf6 8. O-O Bb6 9. Re1 Nge7 10. Nbd2 Ng6 11. Nb3 d6 12. d5 Nb8 13. Bc1 Nh4 14. Nbd2 O-O 15. Be2 Bg4 16. h3 Bxh3 17. g3 Nxf3+ 18. Nxf3 Bg4 19. Bg5 Qg6 20. Be7 Bxf3 21. Bxf3 Qxg3+ 22. Kh1 Qh3+ 23. Kg1 Re8 24. Bg5 Qg3+ 25. Kh1 Qxg5 26. Rg1 Qh4+ 27. Kg2 Qxf2+ 28. Kh3 Nd7 29. Rg3 Nc5 30. Rc1 Qe3 31. Bh5 Qh6 32. Qf3 Re7 33. Rh1 Qf4 34. Qg2 Qh6 35. Qe2 f6 36. Kg2 Qf4 37. Rg4 Qh6 38. Bg6 Qxg6 39. Rxg6 hxg6 40. Rh3 Rf8 41. Qg4 Kf7 42. Rg3 Ke8 43. Qc8+ Kf7 44. Qg4 Ke8 45. Qc8+ 1/2-1/2

[Event "DSAM Finale 2019"]
[Site "Magdeburg"]
[Date "2019.05.30"]
[Round "2.6"]
[White "Gebhard, Andreas"]
[Black "Markosyan, Aleksandr"]
[Result "0-1"]
[ECO "B27"]
[WhiteElo "1595"]
[BlackElo "1598"]
[Annotator "NA"]
[PlyCount "84"]
[EventDate "2019.05.30"]
[EventType "swiss"]
[EventCountry "GER"]
[SourceTitle "playchess.com"]
[Source "ChessBase"]
[SourceQuality "1"]
[TimeControl "40/5400+30:900+30"]

1. e4 c5 2. Nf3 g6 3. d4 cxd4 4. Qxd4 Nf6 5. e5 Nc6 6. Qh4 Nxe5 7. Nxe5 Qa5+ 8. Nc3 Qxe5+ 9. Be2 Bg7 10. O-O O-O 11. Bf4 Qa5 12. Rad1 d6 13. Bh6 Bd7 14. Bxg7 Kxg7 15. Qd4 Bc6 16. b4 Qg5 17. f3 a6 18. Ne4 Bxe4 19. fxe4 Rfd8 20. Kh1 Rac8 21. c4 b5 22. cxb5 axb5 23. e5 dxe5 24. Qxd8 Rxd8 25. Rxd8 e4 26. Rfd1 e3 27. R8d4 e6 28. Re1 Qe5 29. Rdd1 Nd5 30. a3 Qb2 31. Bf3 Nc3 32. Rd3 Qxa3 33. Rdxe3 Qxb4 34. h3 Qa5 35. Re5 Qa4 36. Bc6 Qc4 37. Bf3 b4 38. Be2 Qd4 39. Bf3 b3 40. R5e3 b2 41. Be4 Nxe4 42. Rxe4 Qxe4 0-1

[Event "DSAM Finale 2019"]
[Site "Magdeburg"]
[Date "2019.05.30"]
[Round "2.7"]
[White "Nelles, Werner"]
[Black "Abou Wally, Adrian"]
[Result "1/2-1/2"]
[ECO "A35"]
[WhiteElo "1416"]
[BlackElo "1342"]
[Annotator "NA"]
[PlyCount "56"]
[EventDate "2019.05.30"]
[EventType "swiss"]
[EventCountry "GER"]
[SourceTitle "playchess.com"]
[Source "ChessBase"]
[SourceQuality "1"]
[TimeControl "40/5400+30:900+30"]

1. c4 c5 2. Nc3 Nc6 3. Nf3 g6 4. e3 e5 5. Be2 Bg7 6. Ne4 d6 7. O-O Nge7 8. Rb1 a5 9. a3 O-O 10. d3 f5 11. Nc3 Be6 12. Ng5 Bd7 13. Nf3 h6 14. e4 f4 15. Nb5 Be6 16. Bd2 g5 17. Bc3 Ng6 18. Kh1 g4 19. Ne1 Qh4 20. Nxd6 g3 21. Nf3 Qh5 22. fxg3 fxg3 23. Nf5 Bxf5 24. exf5 Rxf5 25. h3 Nf4 26. Ng1 Nxe2 27. Rxf5 Qxf5 28. Qxe2 Nd4 1/2-1/2

[Event "DSAM Finale 2019"]
[Site "Magdeburg"]
[Date "2019.05.31"]
[Round "3.3"]
[White "Braeutigam, Irina"]
[Black "Lenhardt, Manfred"]
[Result "1/2-1/2"]
[ECO "A40"]
[WhiteElo "1973"]
[BlackElo "2018"]
[Annotator "NA RC"]
[PlyCount "29"]
[EventDate "2019.05.30"]
[EventType "swiss"]
[EventCountry "GER"]
[SourceTitle "playchess.com"]
[Source "ChessBase"]
[SourceQuality "1"]
[TimeControl "40/5400+30:900+30"]

1. e4 g6 2. d4 Bg7 3. c4 Nc6 4. Be3 e5 5. d5 Nd4 6. Nc3 c5 7. f4 (7. Bd3 $14) 7... d6 8. Nf3 Ne7 9. Be2 O-O 10. O-O a6 11. Qd2 f6 12. Rab1 Qa5 13. a3 $11 ({White should play} 13. fxe5 $16 dxe5 14. b4 cxb4 15. Bxd4) 13... Bd7 ({Better is} 13... exf4 $14 14. Bxf4 (14. Bxd4 cxd4 15. Nxd4 f5 $11) 14... Nxe2+ 15. Nxe2 (15. Qxe2 Qc7 $14) 15... Qc7) 14. fxe5 fxe5 15. Qd1 1/2-1/2

[Event "DSAM Finale 2019"]
[Site "Magdeburg"]
[Date "2019.05.31"]
[Round "3.4"]
[White "Domnick, Michael"]
[Black "Lange, Cecilia"]
[Result "1-0"]
[ECO "D02"]
[WhiteElo "1867"]
[BlackElo "1935"]
[Annotator "NA RC"]
[PlyCount "102"]
[EventDate "2019.05.30"]
[EventType "swiss"]
[EventCountry "GER"]
[SourceTitle "playchess.com"]
[Source "ChessBase"]
[SourceQuality "1"]
[TimeControl "40/5400+30:900+30"]

1. d4 d5 2. Nf3 Nf6 3. g3 Bf5 4. c4 e6 5. Qa4+ Nbd7 6. Nc3 c6 7. Qb3 Qc8 8. Nh4 Bg6 (8... dxc4 $11 9. Qxc4 b5) 9. cxd5 exd5 10. Bh3 Bd6 11. Bg5 Qc7 12. Bxf6 Nxf6 13. Rc1 O-O 14. O-O Rae8 ({Better is} 14... Qb6 $11) 15. Rfe1 Ne4 {[%emt 0:04:40] [#]} (15... Qb6 $11 {keeps the balance.}) 16. Nxd5 $1 {[%emt 0:02:43] Pin} Qb8 17. Nxg6 hxg6 18. Nc3 Nxc3 19. bxc3 Kh8 20. a4 f5 21. Rb1 Re7 22. e3 Rfe8 23. Qc2 Kh7 24. Bg2 Qc8 25. e4 fxe4 26. Rxe4 ({Don't take} 26. Bxe4 $6 Kh8 $18) 26... Rxe4 27. Bxe4 Re6 28. Bg2 Re7 29. a5 Qe8 (29... Qf5 $16 30. Qxf5 gxf5) 30. Bf1 Qf7 31. Qa4 (31. Bd3 $18) 31... Qf5 32. Rd1 Rf7 33. Qa2 Re7 34. c4 Qg4 35. Qa1 Bb4 36. d5 cxd5 37. cxd5 Bc3 (37... Bc5 $142) 38. Qb1 Bxa5 39. d6 Rd7 40. Bb5 Rd8 {[%emt 0:00:32] [#]} 41. Qc2 $2 ({White has to play} 41. Rd5 $1 $18) 41... Bb4 $18 (41... Rc8 $1 $14 42. Qd3 Rc5) 42. d7 a6 43. Be2 Qe6 44. Bc4 Qe7 45. Rd4 Qe1+ 46. Kg2 Be7 47. Re4 Qb4 48. Bg8+ Kxg8 49. Rxb4 Bxb4 50. Qc4+ {[%emt 0:00:00] Double Attack} Kh7 51. Qe4 Rg8 1-0

[Event "DSAM Finale 2019"]
[Site "Magdeburg"]
[Date "2019.05.31"]
[Round "3.5"]
[White "Richter, Thomas"]
[Black "Hielscher, Ursula"]
[Result "*"]
[ECO "D04"]
[WhiteElo "1821"]
[BlackElo "1780"]
[Annotator "NA RC"]
[PlyCount "45"]
[EventDate "2019.05.30"]
[EventType "swiss"]
[EventCountry "GER"]
[SourceTitle "playchess.com"]
[Source "ChessBase"]
[SourceQuality "1"]
[TimeControl "40/5400+30:900+30"]

1. d4 d5 2. Nf3 Nf6 3. e3 Bg4 4. c4 e6 5. a3 (5. Qb3 Bxf3 6. Qxb7 Nbd7 7. gxf3 Be7 8. Nc3 O-O 9. cxd5 Rb8 10. Qxa7 exd5 11. Bh3 Nb6 12. O-O c5 13. Nb5 Qe8 {1-0 (40) Vakhidov,J (2508)-Pert,R (2443) Southend 2015}) 5... Nbd7 6. Nc3 {[%emt 0:01:01] D04: Colle System} dxc4 7. Bxc4 Nb6 $146 ({Predecessor:} 7... Bd6 8. e4 e5 9. d5 O-O 10. h3 Bxf3 11. Qxf3 Ne8 12. g4 Bc5 13. Ne2 Nd6 14. Bd3 a5 {½-½ (76) Lemanczyk,T (2248)-Bischof,D (2268) Germany 2003}) 8. Be2 c6 9. O-O Be7 10. h3 Bh5 11. Ne5 Bxe2 12. Qxe2 O-O 13. Bd2 Qc7 14. Rac1 Rad8 15. Rfd1 Qb8 16. Na2 Ne4 17. Ba5 Rd5 18. Bb4 Bxb4 19. Nxb4 Rb5 $2 {[%emt 0:03:21] [#]} (19... Rdd8 $14) 20. Qc2 $16 (20. Nexc6 $1 $18 {[%mdl 512] and White stays clearly on top.} bxc6 21. Nxc6 Rxb2 22. Qxb2) 20... Nf6 21. Na2 Rd5 22. Nc3 Rdd8 23. b4 *

[Event "DSAM Finale 2019"]
[Site "Magdeburg"]
[Date "2019.05.31"]
[Round "3.6"]
[White "Koretskyy, Davyd"]
[Black "Kinski, Andreas"]
[Result "1-0"]
[ECO "D02"]
[WhiteElo "1529"]
[BlackElo "1644"]
[Annotator "NA"]
[PlyCount "139"]
[EventDate "2019.05.30"]
[EventType "swiss"]
[EventCountry "GER"]
[SourceTitle "playchess.com"]
[Source "ChessBase"]
[SourceQuality "1"]
[TimeControl "40/5400+30:900+30"]

1. d4 d5 2. Bf4 Nf6 3. e3 e6 4. Nf3 Bd6 5. Bg3 O-O 6. Nbd2 c5 7. c3 b6 8. Bd3 Bb7 9. Ne5 Nc6 10. f4 cxd4 11. exd4 Be7 12. Bh4 Nd7 13. Bxe7 Qxe7 14. Nxd7 Qxd7 15. Nf3 f6 16. O-O Ne7 17. Qc2 f5 18. Rae1 Ng6 19. Ne5 Nxe5 20. fxe5 g6 21. Re3 Rf7 22. Rh3 Raf8 23. Qd2 Bc6 24. Qe2 Qe8 25. Rhf3 Qd7 26. h4 h5 27. Rg3 Rg7 28. Rg5 Kh7 29. Rf3 Kg8 30. Rfg3 Qf7 31. Qf1 Bd7 32. Qf4 Kh7 33. Be2 Rfg8 34. Qd2 Qe7 35. Bxh5 Be8 36. Be2 Kh8 37. Qf4 Qd7 38. Rh3 Qe7 39. Qh2 Rh7 40. Qg3 Rgg7 41. Qf4 Kg8 42. Kf2 Kf8 43. Ke3 Qd7 44. Rhg3 Kg8 45. Rh3 Kf8 46. g4 Kg8 47. gxf5 gxf5 48. Rhg3 Qe7 49. Rxg7+ Rxg7 50. Rxg7+ Qxg7 51. Qg5 Kh7 52. Kf4 Qh6 53. Qxh6+ Kxh6 54. b3 a5 55. c4 Bc6 56. cxd5 Bxd5 57. Bf3 Bxf3 58. Kxf3 b5 59. Kf4 Kg6 60. a3 Kf7 61. Kg5 Kg7 62. h5 Kf7 63. h6 a4 64. b4 f4 65. Kxf4 Kg6 66. Ke4 Kxh6 67. d5 exd5+ 68. Kxd5 Kg6 69. Kd6 Kf7 70. Kd7 1-0

[Event "DSAM Finale 2019"]
[Site "Magdeburg"]
[Date "2019.05.31"]
[Round "3.7"]
[White "Malinowsky, Levi"]
[Black "Besou, Hussain"]
[Result "1/2-1/2"]
[ECO "C44"]
[WhiteElo "1400"]
[BlackElo "1789"]
[Annotator "NA RC"]
[PlyCount "55"]
[EventDate "2019.05.30"]
[EventType "swiss"]
[EventCountry "GER"]
[SourceTitle "playchess.com"]
[Source "ChessBase"]
[SourceQuality "1"]
[TimeControl "40/5400+30:900+30"]

1. e4 e5 2. Nf3 Nc6 3. d4 exd4 4. Bc4 Bb4+ 5. c3 dxc3 6. O-O Nge7 7. bxc3 Ba5 8. Ng5 Ne5 9. Nxf7 Nxf7 10. Bxf7+ Kxf7 11. Qh5+ Ng6 12. Qxa5 c6 13. Qb4 Qe7 14. Qd4 Qf6 15. Qc4+ Qe6 16. Qd4 Re8 17. f3 b6 18. Nd2 c5 19. Qc4 Qxc4 20. Nxc4 Ke7 21. Rd1 h6 22. Nd6 Rf8 23. Nf5+ Kf7 24. Nd6+ Ke7 25. Nf5+ Kf7 26. Nd6+ Ke7 27. Nf5+ Kf7 28. Nd6+ 1/2-1/2

[Event "DSAM Finale 2019"]
[Site "Magdeburg"]
[Date "2019.05.31"]
[Round "4.1"]
[White "Arnold, Max"]
[Black "Voicu-Jagodzinsky, Carmen"]
[Result "1/2-1/2"]
[ECO "B22"]
[WhiteElo "2292"]
[BlackElo "2227"]
[Annotator "ChessBase"]
[PlyCount "73"]
[EventDate "2019.05.30"]
[EventType "swiss"]
[EventCountry "GER"]
[SourceTitle "playchess.com"]
[Source "ChessBase"]
[SourceQuality "1"]
[TimeControl "40/5400+30:900+30"]

1. e4 c5 2. c3 g6 3. d4 cxd4 4. cxd4 d5 5. e5 Nc6 6. Nc3 a6 7. h3 Nh6 8. Nf3 Bg7 9. Be2 O-O 10. O-O f6 11. exf6 exf6 12. Qb3 Nf5 13. Rd1 Nfe7 14. Na4 Qd6 15. Qa3 Qd8 16. Bd2 g5 17. Bb4 Nxb4 18. Qxb4 b5 19. Nc5 Ng6 20. Re1 Re8 21. Bf1 Bf8 22. g3 Ra7 23. Bg2 Rxe1+ 24. Rxe1 h5 25. Qb3 Re7 26. Rxe7 Nxe7 27. a4 Qa5 28. axb5 axb5 29. Kh2 Kf7 30. h4 g4 31. Ng1 Qd2 32. Nd3 Bf5 33. Nf4 Qxd4 34. Nxd5 Be6 35. Qe3 Nf5 36. Qxd4 Nxd4 37. Nf4 1/2-1/2